AoeStats
← 酥凉

Nomad

510335807Analyzed
2v2 RM · 1d ago on Sep 30, 2026· 73m 34s· 4 players
Game mode
Random Map
Map size
176×176
Population
200
Speed
Normal
Resources
Standard
Victory
Conquest
Starting age
Dark Age
Ending age
Imperial Age
RankedLock teamsTeams togetherTeam positionsShared explorationLock speedFull tech treeHidden civsTurbo modeCheats
Victory
Defeat
🇨🇱 Spanish · Chile
1009
+16
🇷🇺 Huns · Russia
974
+17
🇨🇳 Huns · China
1017
-17
🇨🇳 Huns · China
994
-16
76561199137489861
4:57 Loom
17:01 Feudal Age
23:52 Wheelbarrow
26:15 Castle Age
32:08 Fletching
32:27 Double-Bit Axe
34:52 Murder Holes
41:28 Gold Mining
42:30 Light Cavalry
49:45 Gold Shaft Mining
49:49 Horse Collar
51:12 Stone Mining
52:28 Ballistics
52:21 Scale Barding Armor
52:27 Forging
53:09 Bow Saw
54:02 Bloodlines
53:53 Husbandry
55:46 Pikeman
61:19 Imperial Age
60:33 Iron Casting
60:06 Pikeman
62:55 Conscription
64:02 Scale Mail Armor
67:10 Chain Mail Armor
67:56 Blast Furnace
68:38 Hand Cart
68:54 Bodkin Arrow
69:22 Chain Barding Armor
68:27 Halberdier
68:46 Hussar
70:11 Squires
69:56 Arson
Serier
3:46 Loom
16:11 Feudal Age
20:48 Fletching
22:12 Stone Mining
27:30 Castle Age
TKDanis
14:17 Loom
16:59 Feudal Age
20:37 Castle Age
20:02 Fletching
25:36 Forging
30:15 Double-Bit Axe
33:46 Iron Casting
35:44 Bodkin Arrow
38:19 Bow Saw
52:15 Imperial Age
50:29 Bloodlines
50:19 Husbandry
50:27 Scale Barding Armor
52:19 Wheelbarrow
54:34 Elite Tarkan
56:58 Blast Furnace
67:04 Heavy Cavalry Archer
69:20 Ballistics
70:00 Chemistry
69:51 Thumb Ring
酥凉
15:14 Feudal Age
19:55 Castle Age
23:07 Loom
24:14 Fletching
45:29 Bodkin Arrow
51:56 Murder Holes
68:01 Padded Archer Armor
70:01 Crossbowman
Connection lost

Rejoining the realm…

Still unreachable

The connection could not be restored.

Session expired

The server has moved on; the page needs a fresh start.